AoeStats
← raw0000

Oasis

509261214Analyzed
4v4 RM · 6d ago on Sep 26, 2026· 45m 18s· 8 players
Game mode
Random Map
Map size
Large (8 player)
Population
200
Speed
Normal
Resources
Standard
Victory
Conquest
Starting age
Dark Age
Ending age
Imperial Age
RankedLock teamsTeams togetherTeam positionsShared explorationLock speedFull tech treeHidden civsTurbo modeCheats
Victory
Defeat
🇨🇳 Saxons · China
1241
+14
🇮🇳 Hindustanis · India
1235
+15
🇨🇳 Poles · China
1234
+15
🇨🇳 Cumans · China
1198
+16
🇨🇳 Vikings · China
1240
-16
🇺🇸 Magyars · United States
1237
-17
🇦🇷 Huns · Argentina
1175
-14
🇦🇷 Spanish · Argentina
1161
-13
raw0000
9:58 Feudal Age
11:48 Double-Bit Axe
12:33 Bloodlines
12:12 Horse Collar
18:38 Castle Age
18:46 Light Cavalry
19:30 Husbandry
20:41 Heavy Plow
25:27 Bow Saw
27:31 Gold Mining
28:17 Wheelbarrow
27:28 Town Watch
27:37 Stone Mining
30:43 Hand Cart
30:14 Loom
30:29 Town Patrol
32:48 Gold Shaft Mining
32:48 Stone Shaft Mining
33:43 Forging
33:39 Scale Barding Armor
33:35 Scale Mail Armor
33:37 Squires
33:24 Arson
33:50 Grand Trunk Road
36:48 Imperial Age
36:37 Caravan
37:10 Coinage
37:51 Heavy Camel Rider
37:52 Hussar
39:12 Conscription
39:56 Chemistry
39:54 Iron Casting
39:40 Chain Barding Armor
40:07 Banking
39:59 Imperial Camel Rider
轻绘梨花泪满衣
10:55 Feudal Age
15:33 Castle Age
14:49 Double-Bit Axe
14:45 Horse Collar
16:53 Scale Barding Armor
20:14 Husbandry
25:12 Bloodlines
25:57 Gold Mining
28:33 Forging
28:46 Chain Barding Armor
29:44 Forging
30:31 Heavy Plow
30:43 Bow Saw
30:26 Stone Mining
32:50 Szlachta Privileges
36:04 Imperial Age
34:58 Wheelbarrow
34:08 Town Watch
34:09 Loom
35:32 Iron Casting
35:52 Town Patrol
36:45 Hand Cart
36:10 Cavalier
37:59 Blast Furnace
41:41 Coinage
41:11 Caravan
42:13 Conscription
46:26 Hoardings
Minneapolis
5:28 Loom
9:26 Feudal Age
12:01 Double-Bit Axe
13:15 Fletching
17:46 Padded Archer Armor
23:40 Castle Age
21:34 Horse Collar
22:52 Gold Mining
23:43 Crossbowman
24:59 Bow Saw
26:22 Wheelbarrow
28:02 Heavy Plow
28:09 Stone Mining
29:55 Scale Mail Armor
30:51 Chain Mail Armor
31:26 Squires
35:10 Forging
38:06 Imperial Age
36:31 Arson
38:19 Iron Casting
38:14 Gambesons
39:03 Hand Cart
38:54 Elite Varangian Guard
40:08 Plate Mail Armor
39:11 Capped Ram
41:52 Gold Shaft Mining
42:19 Conscription
41:27 Shield Wall
44:25 Two-Man Saw
44:13 Siege Ram
46:07 Crop Rotation
职业杀猪
0:28 Loom
11:34 Feudal Age
12:45 Double-Bit Axe
25:18 Castle Age
24:47 Horse Collar
25:13 Fletching
26:40 Bodkin Arrow
36:53 Imperial Age
35:31 Gold Mining
40:04 Chemistry
39:25 Ballistics
iamjhing
7:30 Loom
9:45 Feudal Age
11:18 Double-Bit Axe
12:12 Horse Collar
17:29 Wheelbarrow
18:14 Gold Mining
20:56 Castle Age
20:02 Scale Barding Armor
20:28 Bloodlines
22:05 Chain Barding Armor
22:01 Bow Saw
22:39 Husbandry
28:55 Hand Cart
28:26 Town Watch
35:22 Imperial Age
33:24 Stone Mining
35:15 Heavy Plow
36:54 Plate Barding Armor
35:41 Cavalier
39:07 Conscription
39:06 Paladin
40:06 Fletching
44:11 Gold Shaft Mining
Mortadela
11:43 Feudal Age
15:50 Castle Age
19:08 Loom
29:07 Scale Barding Armor
29:38 Forging
32:21 Fletching
37:57 Marauders
37:47 Double-Bit Axe
39:30 Horse Collar
40:01 Bow Saw
46:03 Imperial Age
2110316511
9:14 Loom
11:51 Feudal Age
16:31 Castle Age
14:56 Double-Bit Axe
15:27 Horse Collar
20:18 Fletching
21:02 Crossbowman
29:07 Bodkin Arrow
33:42 Imperial Age
33:07 Padded Archer Armor
33:53 Town Watch
34:19 Gold Mining
34:20 Stone Mining
35:13 Conscription
35:32 Bracer
35:13 Arbalester
36:42 Bow Saw
37:02 Ballistics
38:27 Chemistry
38:59 Pikeman
39:40 Squires
41:32 Leather Archer Armor
41:18 Scale Mail Armor
42:25 Forging
43:24 Hoardings
45:50 Chain Mail Armor
46:11 Iron Casting
Pablo
10:38 Loom
13:06 Feudal Age
29:07 Castle Age
31:43 Gold Mining
31:43 Double-Bit Axe
33:23 Padded Archer Armor
Connection lost

Rejoining the realm…

Still unreachable

The connection could not be restored.

Session expired

The server has moved on; the page needs a fresh start.